 Dungeon Crawl Stone Soup version 0.29-a0-380-gf50f0a9fbc (webtiles) character file.

Game seed: 1242373308833103175

103250 bande the Severer (level 16, -14/101 HPs)
             Began as a Gargoyle Fighter on May 6, 2022.
             Was the Champion of Okawaru.
             Demolished by a titanic slime creature (54 damage)
             ... on level 15 of the Dungeon.
             The game lasted 00:57:42 (30347 turns).

bande the Severer (Gargoyle Fighter)               Turns: 30347, Time: 00:57:43

Health: -14/101    AC: 59    Str: 26    XL:     16   Next: 35%
Magic:  0/24       EV:  5    Int:  9    God:    Okawaru [******]
Gold:   1965       SH:  8    Dex: 15    Spells: 14/15 levels left

rFire   + . .      SeeInvis .   G - +1 war axe (flame)
rCold   . . .      Faith    .   c - +1 buckler
rNeg    + . .      Spirit   +   R - +14 crystal plate armour "Kiupt" {+Inv Slay+3}
rPois   ∞          Reflect  .   H - +0 helmet
rElec   +          Harm     .   J - +0 cloak
rCorr   .          Rampage  .   v - +2 pair of gloves
Will    ++...                   C - +0 pair of boots "Dorghua" {Str+2}
Stlth   ..........              s - amulet of guardian spirit
HPRegen 0.26/turn               w - +4 ring of protection
MPRegen 0.19/turn               M - ring of willpower

@: flying, studying Stealth
A: sickness immunity, AC +12, big wings, negative energy resistance 1,
electricity resistance, torment resistance 1, petrification resistance, fire
resistance 1, strong 1
a: Renounce Religion, Evoke Invisibility, Heroism, Finesse, Duel


You were on level 15 of the Dungeon.
You worshipped Okawaru.
Okawaru was exalted by your worship.
You visited 3 branches of the dungeon, and saw 22 of its levels.
You also visited: Ossuary.

You collected 2353 gold pieces.
You spent 388 gold pieces at shops.

Inventory:

Hand Weapons
 a - a +1 war axe of freezing
 G - a +1 war axe of flaming (weapon)
Missiles
 I - a throwing net (quivered)
Armour
 c - a +1 buckler (worn)
 u - the +13 plate armour of Theory {rC+ rCorr Str+5 Stlth-}
   (You found it on level 3 of the Dungeon)

   Str:       It affects your strength (+5).
   rC:        It protects you from cold.
   rCorr:     It protects you from acid and corrosion.
   Stlth:     It makes you less stealthy.
 v - a +2 pair of gloves (worn)
 C - the +0 pair of boots "Dorghua" (worn) {Str+2}
   (You bought it in a shop on level 7 of the Dungeon)

   Str:       It affects your strength (+2).
 H - a +0 helmet (worn)
 J - a +0 cloak (worn)
 P - the +0 helmet of Death's Door {rPois rF+ Int-3}
   (Okawaru gifted it to you on level 6 of the Lair of Beasts)

   Int:       It affects your intelligence (-3).
   rF:        It protects you from fire.
   rPois:     It protects you from poison.
 R - the +14 crystal plate armour "Kiupt" (worn) {+Inv Slay+3}
   (Okawaru gifted it to you on level 14 of the Dungeon)

   Slay:      It affects your accuracy & damage with ranged weapons and melee
   (+3).
   +Inv:      It lets you turn invisible.
 U - +0 fire dragon scales
Jewellery
 s - an amulet of guardian spirit (around neck)
 t - an amulet of magic regeneration
 w - a +4 ring of protection (left hand)
 B - a ring of magical power
 K - an amulet of the acrobat
 M - a ring of willpower (right hand)
 O - a ring of ice
 Q - an amulet of regeneration
 S - an amulet of faith
Wands
 e - a wand of iceblast (13)
 i - a wand of flame (28)
 x - a wand of paralysis (18)
 y - a wand of polymorph (5)
 L - a wand of digging (4)
Scrolls
 b - 9 scrolls of enchant weapon
 h - 15 scrolls of teleportation
 j - 3 scrolls of identify
 l - 5 scrolls of fear
 m - 3 scrolls of amnesia
 q - 3 scrolls of blinking
 A - 7 scrolls of poison
 D - 3 scrolls of enchant armour
 F - 3 scrolls of magic mapping
Potions
 d - a potion of might
 f - a potion of magic
 g - 2 potions of heal wounds
 k - 9 potions of mutation
 n - 7 potions of ambrosia
 o - 5 potions of brilliance
 p - 16 potions of curing
 r - 9 potions of haste
 z - 3 potions of resistance
 E - a potion of cancellation
 N - a potion of invisibility
Miscellaneous
 T - a lightning rod (4/4)


   Skills:
 + Level 11.9 Fighting
 + Level 15.4 Axes
 + Level 11.6 Armour
 + Level 10.1 Shields
 * Level 6.0 Translocations
 * Level 11.7 Invocations
 * Level 10.9 Evocations


You had 14 spell levels left.
You knew the following spells:

 Your Spells              Type           Power      Damage    Failure   Level
a - Apportation           Tloc           20%        N/A       80%         1

Your spell library contained the following spells:

 Spells                   Type           Power      Damage    Failure   Level
 Blink                    Tloc           20%        N/A       91%         2
 Gell's Gravitas          Tloc           10%        N/A       99%         3
 Lesser Beckoning         Tloc           10%        N/A       99%         3
 Teleport Other           Tloc           10%        N/A       99%         3
 Pain                     Necr           0%         1d4       100%        1
 Sandblast                Erth           0%         2d4       100%        1
 Corpse Rot               Necr/Air       0%         N/A       100%        2
 Poisonous Vapours        Pois/Air       0%         N/A       100%        2
 Scorch                   Fire           0%         2d5       100%        2
 Static Discharge         Conj/Air       0%         N/A       100%        2
 Ignite Poison            Fire/Tmut/Pois 0%         N/A       100%        3
 Mephitic Cloud           Conj/Pois/Air  0%         N/A       100%        3
 Vampiric Draining        Necr           0%         2d6       100%        3
 Dispel Undead            Necr           0%         3d6       100%        4
 Flame Wave               Conj/Fire      0%         2d4       100%        4
 Sticky Flame             Conj/Fire      0%         2d3       100%        4
 Alistair's Intoxication  Tmut/Pois      0%         N/A       100%        5
 Fireball                 Conj/Fire      0%         3d3       100%        5
 Freezing Cloud           Conj/Ice/Air   0%         6-21      100%        5
 Irradiate                Conj/Tmut      0%         3d13      100%        5
 Manifold Assault         Tloc           10%        N/A       100%        5
 Starburst                Conj/Fire      0%         6d3       100%        6
 Orb of Destruction       Conj           0%         9d5       100%        7
 Storm Form               Tmut/Air       0%         N/A       100%        7
 Ignition                 Fire           0%         3d3       100%        8
 Animate Skeleton         Necr           Unusable   N/A       N/A         1
 Summon Guardian Golem    Hex/Summ       Unusable   N/A       N/A         3
 Spellforged Servitor     Conj/Summ      Unusable   N/A       N/A         7

Dungeon Overview and Level Annotations

Branches:
Dungeon (15/15)            Temple (1/1) D:7            Lair (6/6) D:11
  Swamp (0/4) Lair:2        Snake (0/4) Lair:4        Slime (0/5) Lair:5
    Orc (0/2) D:11         Vaults (0/5) D:13        Ossuary (visited)
 Depths: D:15

Altars:
Ashenzari
Cheibriados
Dithmenos
Elyvilon
Fedhas
Gozag
Hepliaklqana
Kikubaaqudgha
Makhleb
Nemelex Xobeh
Okawaru
Qazlal
Ru
Sif Muna
Trog
Uskayaw
Vehumet
Wu Jian
Xom
Yredelemnul
Zin
The Shining One
Jiyva

Shops:
D:7 *[   D:9 *   D:11 ?[[*

Portals:
Abyss: Lair:5

Annotations:
D:6 3 runed translucent doors, domi's ghost, novice DsWz
Lair:1 exclusion: oklob plant
Lair:5 2 transporters, Caath's ghost, journeyman DrFi


Innate Abilities, Weirdness & Mutations

You are immune to sickness and miasma.
Your stone body is resilient. (AC +12)
You are immune to poison.
Your large and strong wings let you fly.
You resist negative energy. (rN+)
You are resistant to electric shocks. (rElec)
You are resistant to unholy torment.
You are immune to petrification.
Your flesh is heat resistant. (rF+)
Your muscles are strong. (Str +2)


Message History

The large slime creature is heavily wounded.
You hit the large slime creature. You burn the large slime creature.
The large slime creature is heavily wounded.
Two slime creatures merge to form a very large slime creature.
You slash the very large slime creature!
You burn the very large slime creature.
The very large slime creature is heavily wounded.
Two slime creatures merge to form a large slime creature.
You hit the very large slime creature. You burn the very large slime creature.
The very large slime creature is heavily wounded.
The very large slime creature hits you but does no damage.
You hit the very large slime creature but do no damage.
The very large slime creature is heavily wounded.
You hit the very large slime creature. You burn the very large slime creature.
The very large slime creature is heavily wounded.
The very large slime creature closely misses you.
Two slime creatures merge to form a titanic slime creature.
You slash the titanic slime creature! You burn the titanic slime creature.
The titanic slime creature is moderately wounded.
You hit the titanic slime creature. You burn the titanic slime creature.
The titanic slime creature is moderately wounded.
The titanic slime creature hits you!!!
You hear an angry hiss.
You barely miss the titanic slime creature.
The titanic slime creature is moderately wounded.
You hit the titanic slime creature. You burn the titanic slime creature.
The titanic slime creature is moderately wounded.
The titanic slime creature hits you!
A wolf spider comes into view.
You are too injured to fight recklessly!
You are too injured to fight recklessly!
You are too injured to fight recklessly!
You are too injured to fight recklessly!
You are too injured to fight recklessly!
You are too injured to fight recklessly!
You are too injured to fight recklessly!
The titanic slime creature attacks as you move away!
The titanic slime creature hits you!!!
Ouch! That really hurt!
You die...

.# ....# ...# ...#
..########### ## ....
......####.
.s.#.###.####
#......... #....J@....#
#.........
#######.##.###.........
.............+.........
##########.###.....#+##
.. #..................
#. #.####.######.##.##
#.## #.# #.##.##
#....####.# #.##...
###.........####
#.##...


You could see a titanic slime creature and a wolf spider (wandering).

Vanquished Creatures
  The ghost of swappor the Warrior, a journeyman MiBe of Trog (Lair:6)
  A stone giant (D:14)
  2 minotaurs (D:13)
  2 ettins (D:14)
  3 fire dragons
  Josephine (D:11)
  A yaktaur captain (D:13)
  7 hydras
  3 boulder beetles
  2 catoblepae
  4 centaur warriors
  4 two-headed ogres
  7 death yaks
  A swamp dragon (Lair:6)
  2 bog bodies (Lair:2)
  2 lindwurms (Lair:6)
  An orc knight (D:14)
  2 stone giant zombies (D:14)
  2 deep elf pyromancers
  An orc sorcerer (D:14)
  15 ugly things
  3 manticores
  16 cyclopes
  A moth of wrath (Lair:6)
  11 black mambas
  20 elephants
  5 torpor snails (Lair:6)
  12 cane toads
  A kobold demonologist (D:11)
  A rime drake (shapeshifter) (D:13)
  3 rime drakes
  8 komodo dragons
  11 yaktaurs (D:13)
  2 tengu conjurers (D:14)
  2 trolls
  3 tyrant leeches (Lair:6)
  14 hornets
  19 slime creatures
  4 polar bears
  Grinder (D:4)
  18 dream sheep
  12 blink frogs
  8 spriggans
  A centaur simulacrum (D:15)
  8 wraiths
  6 wyverns
  A vampire (D:11)
  2 hogs (Lair:6)
  4 steam dragons
  52 yaks
  10 vampire mosquitoes
  4 basilisks
  A redback (D:15)
  6 wargs
  Menkaure (D:4)
  A naga (Lair:4)
  11 water moccasins
  3 acid dragons
  3 swamp drakes
  6 orc warriors
  3 sky beasts
  4 black bears
  2 ogres
  30 wolves
  5 centaurs
  2 elf zombies (Ossuary)
  A phantom (D:6)
  10 bullfrogs
  2 kobold brigands
  A scorpion (Lair:4)
  2 necrophages
  2 cyclops zombies (D:14)
  A gnoll sergeant (D:10)
  4 wights (D:9)
  A hornet simulacrum (D:14)
  23 killer bees
  10 howler monkeys
  3 electric eels
  A human zombie (Ossuary)
  2 hounds
  4 jellies
  14 orc priests
  10 iguanas
  17 orc wizards
  4 mummies (Ossuary)
  10 adders
  16 gnolls
  3 white imps
  2 ufetubi
  An adder zombie (Ossuary)
  A worm (D:2)
  A dart slug (D:5)
  35 orcs
  8 endoplasms
  3 giant cockroaches
  A gnoll zombie (Ossuary)
  6 goblins
  7 hobgoblins
  3 quokkas
  2 ball pythons
  6 bats
  2 frilled lizards (D:1)
  3 goblin zombies (Ossuary)
  A hobgoblin zombie (Ossuary)
  2 jackal zombies (Ossuary)
  13 kobolds
  4 rats
  A rat zombie (Ossuary)
648 creatures vanquished.

Vanquished Creatures (others)
  Kirke (Lair:6)
  A hog (Lair:6)
  An iguana (Lair:6)
  34 fungi
  98 plants
135 creatures vanquished.

Grand Total: 783 creatures vanquished

Notes
Turn   | Place    | Note
-------+----------+-------------------------------------------
     0 | D:1      | bande the Gargoyle Fighter began the quest for the Orb.
     0 | D:1      | Reached XP level 1. HP: 14/14 MP: 1/1
    68 | D:1      | Reached XP level 2. HP: 13/19 MP: 2/2
   299 | D:1      | Reached skill level 2 in Axes
   410 | D:1      | Found a faded altar of an unknown god.
  1131 | D:2      | Reached XP level 3. HP: 23/24 MP: 3/3
  1602 | D:2      | Reached skill level 1 in Evocations
  1651 | D:2      | Reached XP level 4. HP: 22/29 MP: 4/4
  2820 | D:3      | Identified the +13 plate armour of Theory {rC+ rCorr Str+5
                  | Stlth-}
  2860 | D:3      | Identified the +8 dagger of Zeroob {vorpal, rPois}
  2911 | D:3      | Reached XP level 5. HP: 29/33 MP: 5/5
  2918 | D:3      | Reached skill level 3 in Axes
  3023 | D:3      | Found a hide-covered altar of Uskayaw.
  3388 | D:4      | Noticed Grinder
  3415 | D:4      | Paralysed by Grinder for 7 turns
  3428 | D:4      | Paralysed by Grinder for 5 turns
  3440 | D:4      | Paralysed by Grinder for 2 turns
  3449 | D:4      | Paralysed by Grinder for 4 turns
  3455 | D:4      | Killed Grinder
  3456 | D:4      | Reached skill level 4 in Axes
  3456 | D:4      | Reached XP level 6. HP: 17/38 MP: 6/6
  3758 | D:4      | Reached XP level 7. HP: 28/43 MP: 4/7
  3916 | D:4      | Found a bloodstained altar of Trog.
  4394 | D:4      | Reached skill level 5 in Axes
  4710 | D:4      | Noticed Menkaure
  4718 | D:4      | Killed Menkaure
  4719 | D:4      | Reached skill level 5 in Armour
  4719 | D:4      | Reached XP level 8. HP: 34/48 MP: 5/8
  4815 | D:4      | Got the Volume of the Shifting Rocks
  5080 | D:5      | Entered Level 5 of the Dungeon
  5714 | D:4      | Reached skill level 5 in Fighting
  5786 | D:4      | Reached skill level 6 in Axes
  5788 | D:4      | Reached skill level 5 in Shields
  6175 | D:6      | Gained mutation: Your large and strong wings let you fly.
                  | [potion of mutation]
  6175 | D:6      | Gained mutation: Your muscles are strong. (Str +2) [potion
                  | of mutation]
  6175 | D:6      | Gained mutation: Your flesh is heat resistant. (rF+)
                  | [potion of mutation]
  6278 | D:6      | Noticed an eight-headed hydra
  6415 | D:6      | Found a sacrificial altar of Ru.
  6540 | D:6      | Noticed domi's ghost (novice DsWz)
  6567 | D:6      | Found a runed translucent gate.
  6567 | D:6      | Found a runed translucent gate.
  6567 | D:6      | Found a runed translucent gate.
  6675 | D:6      | Reached XP level 9. HP: 54/54 MP: 9/9
  6951 | D:7      | Found a sand-covered staircase.
  6956 | Ossuary  | Entered an ossuary
  6979 | Ossuary  | Reached skill level 7 in Axes
  7223 | D:7      | Found Binuov's Antique Armour Emporium.
  7228 | D:7      | Bought a pair of distressingly furry boots for 313 gold
                  | pieces
  7228 | D:7      | Identified the +0 pair of boots "Dorghua" {Str+2} (You
                  | bought it in a shop on level 7 of the Dungeon)
  7247 | D:7      | Found Dugailu's General Store.
  7593 | D:7      | Found a staircase to the Ecumenical Temple.
  7603 | Temple   | Entered the Ecumenical Temple
  7666 | Temple   | Became a worshipper of Warmaster Okawaru
  7981 | D:8      | Reached skill level 1 in Invocations
  8127 | D:8      | Reached skill level 5 in Evocations
  8254 | D:8      | Noticed a hornet
  8277 | D:8      | Killed a hornet
  8277 | D:8      | Reached * piety under Okawaru
  8278 | D:8      | Reached skill level 8 in Axes
  8355 | D:8      | Found a shadowy altar of Dithmenos.
  8408 | D:8      | Found a hazy altar of Hepliaklqana.
  8895 | D:9      | Reached XP level 10. HP: 55/60 MP: 9/11
  9285 | D:8      | Reached ** piety under Okawaru
  9645 | D:9      | Reached skill level 9 in Axes
  9819 | D:9      | Found a blossoming altar of Fedhas.
 10066 | D:9      | Found Gutyef's General Store.
 10083 | D:9      | Bought a potion of heal wounds for 75 gold pieces
 10139 | D:9      | Noticed a two-headed ogre
 10148 | D:9      | Killed a two-headed ogre
 10371 | D:9      | Reached *** piety under Okawaru
 10629 | D:10     | Entered Level 10 of the Dungeon
 10866 | D:9      | Reached XP level 11. HP: 66/66 MP: 14/14
 10914 | D:10     | Reached **** piety under Okawaru
 10978 | D:10     | Reached skill level 5 in Invocations
 11035 | D:10     | Reached skill level 10 in Axes
 11063 | D:10     | Got the Catalogue of Heat
 11399 | D:10     | Found a sparkling altar of Nemelex Xobeh.
 11410 | D:10     | Found a glowing silver altar of Zin.
 11411 | D:10     | Found a shimmering blue altar of Sif Muna.
 11863 | D:11     | Found a shimmering altar of Xom.
 11866 | D:11     | Found a shimmering altar of Xom.
 11869 | D:11     | Found a shimmering altar of Xom.
 11883 | D:11     | Found a shimmering altar of Xom.
 11901 | D:11     | Reached ***** piety under Okawaru
 11908 | D:11     | Found Jaosho's General Store.
 11929 | D:11     | Noticed a cyclops
 11944 | D:11     | Killed a cyclops
 12260 | D:11     | Found Kevvuronn's Armour Shop.
 12284 | D:11     | Found Qeibint's Armour Shop.
 12409 | D:11     | Found a staircase to the Lair.
 12529 | D:11     | Found Nyuzita's Magic Scroll Emporium.
 12553 | D:11     | Noticed Josephine
 12566 | D:11     | Identified the +1 scale mail "Tirphen" {-Tele rPois Str+4
                  | Slay+2} (Okawaru gifted it to you on level 11 of the
                  | Dungeon)
 12566 | D:11     | Received a gift from Okawaru
 12570 | D:11     | Killed Josephine
 12868 | D:11     | Found a staircase to the Orcish Mines.
 13129 | Lair:1   | Entered Level 1 of the Lair of Beasts
 13233 | Lair:1   | Reached XP level 12. HP: 73/73 MP: 16/16
 13245 | Lair:1   | Reached skill level 11 in Axes
 14661 | Lair:2   | Noticed a boulder beetle
 14971 | Lair:2   | Killed a boulder beetle
 15045 | Lair:2   | Noticed a five-headed hydra
 15057 | Lair:2   | Killed a five-headed hydra
 15344 | Lair:2   | Found a staircase to the Swamp.
 15377 | Lair:2   | Received a gift from Okawaru
 16855 | Lair:3   | Reached skill level 12 in Axes
 16878 | Lair:3   | Reached XP level 13. HP: 80/80 MP: 18/18
 16922 | Lair:3   | You are sucked into a shaft and drop 1 floor!
 17170 | Lair:3   | Received a gift from Okawaru
 17959 | Lair:4   | Found a staircase to the Snake Pit.
 18293 | Lair:4   | Reached ****** piety under Okawaru
 18405 | Lair:4   | Reached skill level 13 in Axes
 18413 | Lair:4   | Identified the +2 hat of the Dowdy Grue {rPois} (Okawaru
                  | gifted it to you on level 4 of the Lair of Beasts)
 18413 | Lair:4   | Received a gift from Okawaru
 18417 | Lair:4   | Reached skill level 10 in Armour
 19243 | Lair:5   | Found a staircase to the Slime Pits.
 19245 | Lair:5   | Found a viscous altar of Jiyva.
 19753 | Lair:5   | Mutation became permanent: Your large and strong wings let
                  | you fly. [Gargoyle growth]
 19753 | Lair:5   | Gained mutation: Your large and strong wings let you fly.
                  | [Gargoyle growth]
 19753 | Lair:5   | Reached XP level 14. HP: 82/87 MP: 18/20
 19901 | Lair:5   | Reached skill level 10 in Fighting
 20059 | Lair:5   | Learned a level 1 spell: Apportation
 20382 | Lair:5   | Found a one-way gate to the infinite horrors of the Abyss.
 20383 | Lair:5   | Found the +0 pair of fencer's gloves {Riposte Dex+3}
 20393 | Lair:5   | Found a transporter.
 20415 | Lair:5   | Found a transporter.
 20422 | Lair:5   | Reached skill level 1 in Translocations
 20455 | Lair:5   | Noticed Caath's ghost (journeyman DrFi)
 20877 | Lair:6   | Entered Level 6 of the Lair of Beasts
 20927 | Lair:5   | HP: 3/88 [black mamba (4)]
 20938 | Lair:5   | Identified the +1 troll leather armour "Xuischack" {Regen+
                  | Str+4 Int+2} (Okawaru gifted it to you on level 5 of the
                  | Lair of Beasts)
 20938 | Lair:5   | Received a gift from Okawaru
 21353 | Lair:6   | Found a transporter.
 21656 | Lair:6   | Noticed Kirke
 21663 | Lair:6   | Reached skill level 10 in Invocations
 21669 | Lair:6   | Reached skill level 14 in Axes
 21682 | Lair:6   | Killed Kirke
 21925 | Lair:6   | Found a transporter.
 22361 | Lair:6   | Noticed swappor's ghost (journeyman MiBe)
 22412 | Lair:6   | Found a runed translucent door.
 22726 | Lair:6   | Identified the +0 helmet of Death's Door {rPois rF+ Int-3}
                  | (Okawaru gifted it to you on level 6 of the Lair of Beasts)
 22726 | Lair:6   | Received a gift from Okawaru
 23006 | Lair:6   | Reached XP level 15. HP: 70/93 MP: 20/22
 23190 | Lair:6   | Found a bloodstained altar of Trog.
 23291 | Lair:6   | Killed swappor's ghost
 23292 | Lair:6   | Reached skill level 10 in Evocations
 25383 | D:13     | Found a gate to the Vaults.
 25709 | D:13     | Identified the +1 chain mail "Gaitavih" {rN+ Str+6 Int+3}
                  | (Okawaru gifted it to you on level 13 of the Dungeon)
 25709 | D:13     | Received a gift from Okawaru
 26756 | D:13     | Reached skill level 5 in Translocations
 27304 | D:13     | Reached skill level 15 in Axes
 27739 | D:14     | Reached XP level 16. HP: 68/100 MP: 16/24
 28349 | D:14     | Identified the +5 spear "Yrchung" {vamp, rElec Will- Str+2
                  | Int+4 SInv}
 28380 | D:14     | Reached skill level 10 in Shields
 28622 | D:14     | Identified the +14 crystal plate armour "Kiupt" {+Inv
                  | Slay+3} (Okawaru gifted it to you on level 14 of the
                  | Dungeon)
 28622 | D:14     | Received a gift from Okawaru
 29272 | D:15     | Entered Level 15 of the Dungeon
 30347 | D:15     | Demolished by a titanic slime creature

Illustrated notes

Levels and vault maps discovered:
D:1:      lightli_arrival_statue_moat, layout_basic, basic_ecumenical_altar,
          nrook_loot_triangle
D:2:      layout_rooms, serial_rivers, chequers_serial_rivers_micro_b,
          chequers_serial_rivers_micro_e, chequers_serial_rivers_large_a,
          chequers_serial_rivers_room_a
D:3:      layout_rooms, lemuel_crystal_altar
D:4:      layout_cave_pools, trog_ov_bears_minmay,
          hangedman_decor_clover_reticule, minmay_close_crescents,
          uniq_menkaure, uniq_grinder
D:5:      layout_cave_pools, serial_column_ruins, column_ruins_hut,
          column_ruins_hut_pillars, column_ruins_open_tiny,
          column_ruins_open_large, column_ruins_grid_4
D:6:      layout_loops_cross, nicolae_ru_great_annihilating_truth,
          gammafunk_ghost_split
D:7:      layout_loops_cross, temple_fountains, enter_ossuary_5, serial_shops,
          nicolae_shop_waterfront, shop
D:8:      layout_loops_ring, riverfiend_overflow_shadow_ancestor, eino_jars
D:9:      layout_loops_ring, mainiacjoe_overflow_surrounded_room, serial_shops,
          nicolae_shop_trees
D:10:     layout_rooms, minitemple, st_stairs_10, nicolae_water_bricks,
          kennysheep_generic_room_2
D:11:     layout_basic, erik_lair_orcish_takeover, erik_orc_1, serial_shops,
          nicolae_shop_hallway_plus,
          nicolae_shop_temple_entry_statues_fountains,
          nicolae_shop_hallway_plus, shop, xom_redecorated, uniq_josephine
D:12:     layout_cave_pools, minmay_crystal_room
D:13:     fort_yaktaur, layout_basic, david_vaults_2
D:14:     giant_chief_lemuel, layout_irregular_city, corexii_corridor_pit
D:15:     hangedman_depths_entry_try_elsewhere_first, layout_basic
Temple:   dshaligram_water_room_temple
Lair:1:   layout_layer_cave, minmay_lair_oklob_items, grunt_megastairs_5,
          lemuel_fruit_tree
Lair:2:   layout_long_grid, skrybe_swamp_entry_bodies, serial_bayou_shore_b,
          grunt_megastairs_2, serial_bayou_shore_b
Lair:3:   layout_loops_ring, st_stairs_5, minmay_stone_trees_small,
          serial_bayou_shore_a
Lair:4:   layout_small_grid, guppyfry_snake_entry_garden, nicolae_lair_lil_pond,
          st_stairs_6, beast_lair_carwin_9, grunt_megastairs_3
Lair:5:   layout_cave_pods, slime_altar_1, gammafunk_ghost_abyssal_escape,
          grunt_forest_stairs_clearing, infiniplex_staircase_pool_2
Lair:6:   wormcave, layout_concentric_octagons, guppyfry_lair_end_dragon,
          gammafunk_ghost_wrathful_warriors, uniq_kirke

Skill      XL: |  1  2  3  4  5  6  7  8  9 10 11 12 13 14 15 16 |
---------------+-------------------------------------------------+-----
Axes           | 2 4 5 6 8 9 10 12 13 14 15 | 15.4
Evocations     | 1 2 3 4 5 6 7 8 9 10 | 10.9
Armour         | 4 5 6 7 8 9 10 11 | 11.6
Fighting       | 4 5 6 7 8 9 10 11 | 11.9
Shields        | 4 5 6 7 8 9 10 | 10.1
Invocations    | 2 4 6 7 9 10 11 | 11.7
Translocations | 3 5 6 |  6.0

Action                   |  1- 3 |  4- 6 |  7- 9 | 10-12 | 13-15 | 16-18 || total
-------------------------+-------+-------+-------+-------+-------+-------++-------
Melee: War axe           |    95 |    95 |   321 |   631 |  1305 |   250 ||  2697
Invok: Heroism           |       |       |       |       |     1 |       ||     1
  Use: Scroll            |       |       |    17 |     5 |     5 |       ||    27
       Potion            |       |       |     1 |       |     4 |       ||     5
 Stab: Paralysed         |       |       |     1 |       |       |       ||     1
       Petrified         |       |       |       |       |     9 |       ||     9
       Distracted        |       |       |       |       |     1 |       ||     1
Armor: Scale mail        |    33 |       |       |       |       |       ||    33
       Plate armour      |    26 |    79 |   376 |   637 |  1216 |    47 ||  2381
       Crystal plate arm |       |       |       |       |       |   144 ||   144
Dodge: Dodged            |    42 |    34 |   152 |   243 |   450 |    41 ||   962
Block: Buckler           |    24 |    23 |   123 |   242 |   490 |    77 ||   979

Table legend: (Time is in decaauts)
 A = Elapsed time spent in this place.
 B = Non-inter-level travel time spent in this place.
 C = Inter-level travel time spent in this place.
 D = Time resting spent in this place.
 E = Time spent auto-exploring this place.
 F = Levels seen in this place.
 G = Mean time per level.
                   A        B        C        D        E       F      G
               +--------+--------+--------+--------+--------+-----+--------+
         Total |  30392 |  30090 |    302 |   8096 |  15542 |  23 | 1321.4 |
       Dungeon |  19336 |  19136 |    200 |   5042 |   9971 |  15 | 1289.1 |
        Temple |     83 |     83 |      0 |      0 |     45 |   1 |   83.0 |
          Lair |  10716 |  10614 |    102 |   3054 |   5356 |   6 | 1786.0 |
       Ossuary |    255 |    255 |      0 |      0 |    170 |   1 |  255.0 |
               +--------+--------+--------+--------+--------+-----+--------+

Top non-repeatable levels by time:
  Lair:6: 2465 daAuts
    D:14: 2257 daAuts
  Lair:5: 2070 daAuts
  Lair:1: 2054 daAuts
    D:13: 2027 daAuts
     D:4: 1932 daAuts
  Lair:2: 1785 daAuts
     D:9: 1688 daAuts
     D:2: 1658 daAuts
    D:11: 1383 daAuts
  Lair:4: 1311 daAuts
    D:12: 1238 daAuts
     D:8: 1212 daAuts
     D:1: 1141 daAuts
  Lair:3: 1028 daAuts
